 Dungeon Crawl Stone Soup version 0.25.1-2-g60ff931df9 (webtiles) character file.

Game seed: 741339230227701702

9 lepoulpe303 the Sneak (level 2, -1/13 HPs)
             Began as a Spriggan Earth Elementalist on Sept 23, 2020.
             Slain by a jackal (3 damage)
             ... on level 1 of the Dungeon.
             The game lasted 00:01:55 (286 turns).

lepoulpe303 the Sneak (Spriggan Earth Elementalist)  Turns: 286, Time: 00:01:55

Health: -1/13      AC:  2    Str:  4    XL:     2   Next: 6%
Magic:  7/7        EV: 18    Int: 16    God:
Gold:   7          SH:  0    Dex: 16    Spells: 6/7 levels left

rFire    . . .     SeeInvis +   a - +0 dagger
rCold    . . .     Gourm    .   (shield restricted)
rNeg     . . .     Faith    .   c - +0 robe
rPois    .         Spirit   .   (helmet restricted)
rElec    .         Reflect  .   (no cloak)
rCorr    .         Harm     .   (gloves unavailable)
MR       .....                  (boots unavailable)
Stlth    ++........             (no amulet)
HPRegen  0.04/turn              (no ring)
MPRegen  0.10/turn              (no ring)

@: very quick
A: very small, unfitting armour, see invisible, herbivore, speed 3, slow
metabolism 2
a: no special abilities


You were on level 1 of the Dungeon.
You were not hungry.

You visited 1 branch of the dungeon, and saw 1 of its levels.

You collected 7 gold pieces.

Inventory:

Hand Weapons
 a - a +0 dagger (weapon)
Missiles
 Q - 44 stones (quivered)
Armour
 c - a +0 robe (worn)
Scrolls
 b - a scroll of fog {unknown}
 d - a scroll of teleportation {unknown}
 f - a scroll of identify {unknown}
 h - 2 scrolls of remove curse {unknown}
Potions
 g - a potion of curing {unknown}
Comestibles
 e - 2 rations


   Skills:
 + Level 0.3 Short Blades
 + Level 3.1 Dodging
 + Level 3.2 Stealth
 * Level 3.0 Spellcasting
   Level 1.3 Transmutations
 * Level 2.8 Earth Magic


You had 6 spell levels left.
You knew the following spells:

 Your Spells              Type           Power        Failure   Level  Hunger
a - Sandblast             Erth           ##....       6%          1    #......

Your spell library contained the following spells:

 Spells                   Type           Power        Failure   Level  Hunger
 Passwall                 Tmut/Erth      #.......     12%         2    ##.....
 Stone Arrow              Conj/Erth      #.....       30%         3    ###....
 Petrify                  Tmut/Erth      #.......     61%         4    #####..
 Lee's Rapid Deconstruct  Erth           ##........   85%         5    ######.


Dungeon Overview and Level Annotations

Branches:
Dungeon (1/15)

Altars:


Innate Abilities, Weirdness & Mutations

You are very small and have problems with some larger weapons.
You are too small for most types of armour.
You have supernaturally acute eyesight. (SInv)
You are a herbivore.
You cover ground extremely quickly.
You need to consume almost no food.


Message History

You take 3 damage, and have 3/13 hp.
MASSIVE DAMAGE!!
Aim: a jackal (almost dead)
The blast of sand hits the jackal.
You kill the jackal!
Q - 44 stones You now have 6/7 mp.
MP restored: 7 You see here a jackal corpse.
You start resting.
The jackal is too close now for your liking.
The jackal barks!
You hit the jackal but do no damage. The jackal misses you.
You hit the jackal. The jackal closely misses you.
You hit the jackal. The jackal barely misses you. The jackal bites you.
* * * LOW HITPOINT WARNING * * *
You take 2 damage, and have 2/13 hp.
You hit the jackal. The jackal misses you.
You barely miss the jackal. The jackal bites you.
You die...

#>.#########...#
#.
#........†>....#
#.
##.............#
#.
###.##†###...##
#. ...##.# #...#
## ######.#
#...# #.###....#
#####.....$..#
#..@h........# .
#.#######.....
## # ###


You could see a jackal.

Levels and vault maps discovered:
D:1:      elethiomel_arrival_quiet, layout_loops_ring

Notes
Turn   | Place    | Note
-------+----------+-------------------------------------------
     0 | D:1      | lepoulpe303 the Spriggan Earth Elementalist began the quest
                  | for the Orb.
     0 | D:1      | Reached XP level 1. HP: 9/9 MP: 5/5
    41 | D:1      | Identified a +0 dagger
    72 | D:1      | Identified a +0 club
   185 | D:1      | Reached skill level 3 in Spellcasting
   185 | D:1      | Reached XP level 2. HP: 13/13 MP: 7/7
   246 | D:1      | HP: 3/13 [jackal (3)]
   284 | D:1      | HP: 2/13 [jackal (2)]
   286 | D:1      | Slain by a jackal

Table legend:
 A = Turns spent in this place as a percentage of turns spent in the entire game.
 B = Non-inter-level travel turns spent in this place as a percentage of non-inter-level travel turns spent in the entire game.
 C = Inter-level travel turns spent in this place as a percentage of turns spent in this place.
 D = Turns resting spent in this place as a percentage of non-inter-level travel turns spent in this place.
 E = Turns spent auto-exploring this place as a percentage of non-inter-level travel turns spent in this place.
 F = Non-inter-level travel turns spent in this place divided by the number of levels of this place that you've seen.
                   A       B       C       D       E      F
               +-------+-------+-------+-------+-------+----------------------
         Total | 100.0 | 100.0 |   0.0 |   2.4 |  57.7 | 286.0
       Dungeon | 100.0 | 100.0 |   0.0 |   2.4 |  57.7 | 286.0
               +-------+-------+-------+-------+-------+----------------------

Table legend:
 A = Kills in this place as a percentage of kills in entire the game.
 B = Kills by you in this place as a percentage of kills by you in the entire game.
 C = Kills by friends in this place as a percentage of kills by friends in the entire game.
 D = Other kills in this place as a percentage of other kills in the entire game.
 E = Experience gained in this place as a percentage of experience gained in the entire game.
 F = Experience gained in this place divided by the number of levels of this place that you have seen.
                   A       B       C       D       E      F
               +-------+-------+-------+-------+-------+----------------------
         Total | 100.0 | 100.0 |   N/A |   N/A | 100.0 |  14.0
       Dungeon | 100.0 | 100.0 |   N/A |   N/A | 100.0 |  14.0
               +-------+-------+-------+-------+-------+----------------------

Skill      XL: |  1 |
---------------+----+-----
Spellcasting   | 3 |  3.0
Short Blades   | |  0.3
Dodging        | |  3.1
Stealth        | |  3.2
Transmutations | |  1.3
Earth Magic    | |  2.8

Action                   || total
-------------------------++-------
Melee: Dagger            ||    41
 Cast: Sandblast         ||     2
 Stab: Sleeping          ||     6
Armor: Robe              ||     3
Dodge: Dodged            ||    31

Vanquished Creatures
  A goblin (D:1)
  2 hobgoblins (D:1)
  A jackal (D:1)
  A frilled lizard (D:1)
  2 kobolds (D:1)
  2 rats (D:1)
9 creatures vanquished.
